[Event "*** Titled Tuesday Blitz"]
[Site "Chess.com"]
[Date "2020.05.26"]
[Round "5"]
[White "vidavi"]
[Black "dosto07"]
[Result "1/2-1/2"]
[WhiteElo "2306"]
[BlackElo "2129"]
[TimeControl "180+1"]
[EndTime "10:55:03 PDT"]
[Termination "Game drawn by agreement"]

1. d4 d5 2. Bf4 Nf6 3. e3 c5 4.
Nf3 Nc6 5. Be2 Qb6 6. Nc3 Bf5 7. O-O e6 8. Na4 Qa5 9. Nxc5 Bxc5 10. dxc5 Qxc5 11.
c4 O-O 12. Rc1 Qb6 13. Nd4 Nxd4 14. Qxd4 Qxd4 15. exd4 dxc4 16. Rxc4 Rac8 17. Rfc1 Rxc4 18. Rxc4 Nd5 19. Bd6 Rd8 20. g4 Be4 21. f3 Bb1 22. Bg3 a6 23. a3 h6 24. Kf2 g5 25. h4 f6 26. hxg5 hxg5 27. Rc1 Bg6 28. Bc4 Rd7 29.
Re1 Kf7 30. Rc1 Ke7 31. Bxd5 Rxd5 32. Rc7+ Rd7 33. Rxd7+ Kxd7 1/2-1/2

[Event "*** Titled Tuesday Blitz"]
[Site "Chess.com"]
[Date "2020.05.26"]
[Round "5"]
[White "KuzubovYuriy"]
[Black "Lubov_Gordyk"]
[Result "0-1"]
[WhiteElo "2759"]
[BlackElo "2616"]
[TimeControl "180+1"]
[EndTime "10:55:05 PDT"]
[Termination "Lubov_Gordyk won by resignation"]

1. d4 c5 2. d5 f5 3. g3 Nf6 4. Bg2 g6 5. h4 Bg7 6. h5 Nxh5 7. e4 Qb6 8. exf5 Bxb2 9. Bxb2 Qxb2 10. Nd2 d6 11. fxg6 hxg6 12. Rb1 Qg7 13. Ne2 Nd7 14.
Ne4 Nb6 15. Ng5 Bg4 16. a4 Qe5 17. Ne6 Nxd5 18. Bxd5 Bxe6 19. Bxb7 Rb8 20. Bf3 Rxb1 21.
Qxb1 O-O 22. Qb7 Rxf3 23. Qxf3 Bd5 24. Rxh5 Qa1+ 25. Kd2 Bxf3 0-1

[Event "*** Titled Tuesday Blitz"]
[Site "Chess.com"]
[Date "2020.05.26"]
[Round "5"]
[White "iwanyu"]
[Black "Gyapiking"]
[Result "1-0"]
[WhiteElo "2781"]
[BlackElo "2535"]
[TimeControl "180+1"]
[EndTime "10:55:06 PDT"]
[Termination "iwanyu won by resignation"]

1. d4 d5 2. c4 c6 3. Nf3 Nf6 4. Nc3 a6 5. a4 e6 6. g3 a5 7.
Bg2 Be7 8. O-O Na6 9. Nd2 O-O 10.
e4 Nb4 11. e5 Nd7 12. cxd5 cxd5 13. Nb5 b6 14. Nb1 Ba6 15. N1c3 Rc8 16. Be3 Nb8 17. Rc1 N8c6 18. f4 f5 19. exf6 Bxf6 20. Re1 Kh8 21. Bh3 Qd7 22. Bf2 Rce8 23. Qd2 g6 24. Re2 Bc8 25. Rce1 Nd8 26. b3 Qf7 27. Nd6 Qd7 28. Nxe8 Rxe8 29. Nb5 Bg7 30. Rc1 Ndc6 31. Rc3 Bh6 32. Qe1 Bg7 33. f5 gxf5 34. Bxf5 Nd8 35.
Rc7 1-0

[Event "*** Titled Tuesday Blitz"]
[Site "Chess.com"]
[Date "2020.05.26"]
[Round "5"]
[White "latixxa"]
[Black "ShahMatKanal"]
[Result "0-1"]
[WhiteElo "2127"]
[BlackElo "2462"]
[TimeControl "180+1"]
[EndTime "10:55:06 PDT"]
[Termination "ShahMatKanal won by resignation"]

1. e4 d5 2. exd5 Qxd5 3. Nc3 Qd6 4. d4 Nf6 5. Nf3 c6 6. Bc4 Bg4 7. Be3 e6 8. O-O Be7 9. h3 Bh5 10. Be2 O-O 11. Nh2 Bxe2 12. Qxe2 Nbd7 13. Nf3 Nd5 14.
Ne4 Qc7 15. Qd2 h6 16. c4 Nxe3 17. Qxe3 Nf6 18. Ng3 a5 19. Ne5 c5 20. Rad1 cxd4 21.
Qxd4 Rfd8 22. Qc3 Bb4 23. Qe3 Bc5 24. Qc3 h5 25. Ne2 Rxd1 26. Rxd1 Bxf2+ 27. Kh1 Rd8 28. Qc2 Rxd1+ 29. Qxd1 Qxe5 0-1

[Event "*** Titled Tuesday Blitz"]
[Site "Chess.com"]
[Date "2020.05.26"]
[Round "5"]
[White "realmadridtv"]
[Black "DonPreuss"]
[Result "1-0"]
[WhiteElo "2450"]
[BlackElo "2236"]
[TimeControl "180+1"]
[EndTime "10:55:07 PDT"]
[Termination "realmadridtv won by resignation"]

1. d4 Nc6 2. Nf3 d6 3. Nc3 g6 4. e4 Bg7 5. Be3 e5 6. Qd2 Bg4 7. dxe5 Nxe5 8. Nd4 Ne7 9. f3 Bd7 10. Bh6 O-O 11. h4 N7c6 12. Nb3 f5 13. h5 fxe4 14. Bxg7 Rxf3 15. Bxe5 Nxe5 16. O-O-O Rf7 17. hxg6 Rg7 18. gxh7+ Kh8 19. Nxe4 Bg4 20. Be2 Bxe2 21. Qxe2 Qe7 22. Nd4 Rf8 23. Rdf1 Rgf7 24. Rxf7 Qxf7 25. Kb1 Qf4 26.
Ne6 Qf2 27. Nxf2 1-0

[Event "*** Titled Tuesday Blitz"]
[Site "Chess.com"]
[Date "2020.05.26"]
[Round "5"]
[White "Nor1lsk"]
[Black "Harsha_Bharathakoti"]
[Result "1-0"]
[WhiteElo "2602"]
[BlackElo "2734"]
[TimeControl "180+1"]
[EndTime "10:55:11 PDT"]
[Termination "Nor1lsk won by resignation"]

1. e4 c5 2. d3 Nc6 3. g3 g6 4.
Bg2 Bg7 5. f4 d6 6. Nf3 e5 7. O-O Nge7 8. f5 gxf5 9. Nh4 fxe4 10. dxe4 Be6 11. Nf5 Bxf5 12. exf5 Ng8 13. Nc3 Nf6 14. Bg5 Ne7 15. Bxf6 Bxf6 16. Ne4 Nc8 17.
c4 Kf8 18. Qh5 h6 19. Rad1 a5 20. Kh1 Ra6 21. Nxc5 Rb6 22. b3 Qe7 23. Ne4 Kg7 24. Rd3 a4 25. g4 axb3 26. axb3 Kf8 27. Nc3 Qd8 28. Bd5 Rxb3 1-0

[Event "*** Titled Tuesday Blitz"]
[Site "Chess.com"]
[Date "2020.05.26"]
[Round "5"]
[White "Khayala13"]
[Black "antoszu"]
[Result "0-1"]
[WhiteElo "2336"]
[BlackElo "2503"]
[TimeControl "180+1"]
[EndTime "10:55:11 PDT"]
[Termination "antoszu won on time"]

1. e4 c5 2. c3 Nf6 3. e5 Nd5 4.
Nf3 e6 5. d4 cxd4 6. cxd4 d6 7.
exd6 Bxd6 8. Nc3 Nxc3 9. bxc3 Nd7 10. Bd3 Nf6 11. O-O O-O 12. Bg5 b6 13. Re1 Bb7 14. Ne5 Be7 15. Qc2 h6 16. Bh4 Rc8 17. Re3 Nd5 18.
Bh7+ Kh8 19. Rf3 Nf6 20. Bxf6 Bxf6 21. Rg3 Qc7 22. Ng4 Bxd4 23. Rh3 Qf4 24. g3 Qxg4 0-1

[Event "*** Titled Tuesday Blitz"]
[Site "Chess.com"]
[Date "2020.05.26"]
[Round "5"]
[White "MarcoRiehle"]
[Black "oneshot007"]
[Result "1-0"]
[WhiteElo "2638"]
[BlackElo "2439"]
[TimeControl "180+1"]
[EndTime "10:55:12 PDT"]
[Termination "MarcoRiehle won by checkmate"]

1. e4 g6 2. d4 Nf6 3. e5 Nh5 4. Nf3 d6 5. Nc3 Nc6 6. Bb5 a6 7. Bxc6+ bxc6 8. O-O Ng7 9. Re1 Nf5 10. g4 Ng7 11. Ne4 Bxg4 12. exd6 Ne6 13. d5 Bxf3 14.
dxe6 Bxd1 15. d7+ Qxd7 16. exd7+ Kxd7 17. Rxd1+ Kc8 18. Be3 Bg7 19. Bd4 e5 20. Bc3 f5 21.
Nc5 Re8 22. b4 Bf8 23. Rd2 a5 24. a3 axb4 25. axb4 Rb8 26. Rad1 Rb5 27. Ra1 Rb8 28. Ra6 e4 29. Rxc6 e3 30. fxe3 Rxe3 31. Rd7 Rb7 32. Rf7 Bxc5 33. Rxc5 Re2 34. Be5 Rxb4 35. Rcxc7+ Kd8 36. Rcd7+ Ke8 37. Rfe7+ Kf8 38. Bg7+ Kg8 39. Rd8# 1-0

[Event "*** Titled Tuesday Blitz"]
[Site "Chess.com"]
[Date "2020.05.26"]
[Round "5"]
[White "Vaathi_Coming"]
[Black "Joshukid"]
[Result "1-0"]
[WhiteElo "2859"]
[BlackElo "2624"]
[TimeControl "180+1"]
[EndTime "10:55:13 PDT"]
[Termination "Vaathi_Coming won by resignation"]

1. Nf3 Nf6 2. d4 d5 3. Bf4 e6 4. e3 c5 5. Nbd2 Nc6 6. c3 Be7 7.
Bd3 Nh5 8. Be5 Nxe5 9. dxe5 g6 10. h4 Ng7 11. e4 h5 12. Qe2 Qa5 13. Bb5+ Kf8 14.
Bd3 Bd7 15. O-O Rd8 16. Ng5 c4 17. Bc2 dxe4 18. Nxc4 Qc5 19. Nxe4 Qc7 20. Ncd6 Bxh4 21. Qe3 b6 22. Ng5 Nf5 23. Bxf5 Bxg5 24. Qxg5 exf5 25. Qf6 Rh7 26. Rad1 Be6 27. Nxf7 Rxd1 28. Ng5+ Rf7 29. Nxe6+ Kg8 30. Qxg6+ Rg7 31. Qe8+ 1-0

[Event "*** Titled Tuesday Blitz"]
[Site "Chess.com"]
[Date "2020.05.26"]
[Round "5"]
[White "GM_dmitrij"]
[Black "VincentKeymer"]
[Result "0-1"]
[WhiteElo "2928"]
[BlackElo "2839"]
[TimeControl "180+1"]
[EndTime "10:55:15 PDT"]
[Termination "VincentKeymer won on time"]

1. e4 e6 2. d4 d5 3. exd5 exd5 4. Nf3 Bd6 5. c4 Nf6 6. Nc3 O-O 7. c5 Be7 8. Bd3 Bg4 9. h3 Bh5 10. Be3 b6 11. g4 Bg6 12. Bxg6 hxg6 13. Ne5 c6 14. Qc2 Nfd7 15. Nxd7 Nxd7 16. cxb6 axb6 17. h4 Nf6 18. h5 Qe8 19. hxg6 fxg6 20. Qe2 Bb4 21. Kd1 Bxc3 22. bxc3 Ne4 23. Kc2 Ra3 24. g5 Rxc3+ 25. Kb2 c5 26. a4 c4 27. Qg4 Qe7 0-1

[Event "*** Titled Tuesday Blitz"]
[Site "Chess.com"]
[Date "2020.05.26"]
[Round "5"]
[White "AtabayevSaparmyrat"]
[Black "Azoulas1"]
[Result "1-0"]
[WhiteElo "2787"]
[BlackElo "1989"]
[TimeControl "180+1"]
[EndTime "10:55:15 PDT"]
[Termination "AtabayevSaparmyrat won by checkmate"]

1. e4 c5 2. Nf3 e6 3. d4 cxd4 4.
Nxd4 Nf6 5. Nc3 d6 6. f4 Be7 7.
Qf3 a6 8. Be3 Nbd7 9. O-O-O Qc7 10. g4 Nc5 11. g5 Nfd7 12. h4 b5 13. a3 Bb7 14. h5 Rc8 15. g6 hxg6 16. hxg6 Rxh1 17.
gxf7+ Kxf7 18. Qxh1 Bf6 19. Qh5+ Ke7 20. Bxb5 axb5 21.
Ndxb5 Qb6 22. Rxd6 Qd8 23. e5 Ne4 24. exf6+ Kxf6 25. Qh4+ Kf7 26. Qxd8 Rxd8 27. Nxe4 Bxe4 28. Bb6 Rc8 29.
Rxd7+ Ke8 30. Rc7 Rxc7 31. Bxc7 Kd7 32. Be5 g6 33. Nd4 Bf5 34. Nf3 Be4 35. Ng5 Bf5 36. Kd2 Bg4 37. b4 Bf5 38. c4 Kc6 39. Kc3 Kb6 40.
b5 Kb7 41. a4 Kb6 42. Kb4 Ka7 43. a5 Kb7 44. c5 Ka7 45. c6 Ka8 46. Kc5 Ka7 47.
b6+ Ka8 48. b7+ Ka7 49. b8=Q+ Ka6 50. Qb6# 1-0

[Event "*** Titled Tuesday Blitz"]
[Site "Chess.com"]
[Date "2020.05.26"]
[Round "5"]
[White "RestartingChess"]
[Black "Antelacus"]
[Result "1-0"]
[WhiteElo "2456"]
[BlackElo "2249"]
[TimeControl "180+1"]
[EndTime "10:55:15 PDT"]
[Termination "RestartingChess won by resignation"]

1. e4 c5 2. Nf3 d6 3. Bb5+ Bd7 4. a4 g6 5. Nc3 Bg7 6. O-O Nf6 7. d3 O-O 8. h3 Nc6 9. Bg5 Nd4 10. Bxd7 Qxd7 11. Nxd4 cxd4 12. Ne2 Ne8 13. Qd2 Nc7 14. Bh6 e5 15. Bxg7 Kxg7 16. f4 f5 17.
Ng3 exf4 18. Qxf4 Ne6 19. Qd2 f4 20. Ne2 Qf7 21. Qb4 Rac8 22. Nxd4 Nxd4 23. Qxd4+ Qf6 24. Qxf6+ Rxf6 25. c3 g5 26. Ra3 Re6 27. Rb3 b6 28.
Rb5 h6 29. Rd5 Rc5 30. Rxc5 bxc5 31. Re1 Kf6 32. Kf2 Ke5 33. Kf3 Re7 34. Rd1 Rb7 35.
d4+ cxd4 36. cxd4+ Ke6 37. Rd2 Rb3+ 38. Kg4 Rb4 39.
Kh5 Rxa4 40. Kxh6 Ra5 41. Kg6 Rb5 42. d5+ Ke5 43. Kxg5 Rb8 44. Kg6 Kxe4 45. Kf6 Re8 46. Re2+ 1-0

[Event "*** Titled Tuesday Blitz"]
[Site "Chess.com"]
[Date "2020.05.26"]
[Round "5"]
[White "bluejay1897"]
[Black "HouseOfDurin"]
[Result "1-0"]
[WhiteElo "2351"]
[BlackElo "2034"]
[TimeControl "180+1"]
[EndTime "10:55:15 PDT"]
[Termination "bluejay1897 won by resignation"]

1. Nf3 c5 2. g3 Nc6 3. Bg2 e5 4. O-O g6 5. b3 Bg7 6. Bb2 Nge7 7. c4 O-O 8. d3 d5 9. cxd5 Nxd5 10. Nfd2 Be6 11.
Nc3 b6 12. Nc4 Qd7 13. Rc1 Rad8 14. Qc2 Ndb4 15. Qb1 Nd4 16. Rfe1 b5 17. Ne3 a6 18. Ne4 Nxe2+ 19. Rxe2 Qxd3 20. Qxd3 Nxd3 21. Rd1 c4 22. bxc4 bxc4 23. Bc3 h6 24. Red2 f5 25. Nc5 Bf7 26. Nxd3 cxd3 27. Rxd3 Rxd3 28. Rxd3 Bxa2 29.
Bd5+ Kh7 30. Bxa2 e4 31. Rd7 1-0

[Event "*** Titled Tuesday Blitz"]
[Site "Chess.com"]
[Date "2020.05.26"]
[Round "5"]
[White "kinga2008"]
[Black "ChessyInstinct"]
[Result "0-1"]
[WhiteElo "2206"]
[BlackElo "2400"]
[TimeControl "180+1"]
[EndTime "10:55:16 PDT"]
[Termination "ChessyInstinct won by resignation"]

1. e4 d5 2. exd5 Qxd5 3. Nc3 Qd6 4.
d4 c6 5. Nf3 Bg4 6. Be3 Nf6 7.
Bc4 e6 8. h3 Bxf3 9. Qxf3 Nbd7 10. Ne4 Nxe4 11. Bd3 Nef6 12. O-O Qc7 13. Bf4 Bd6 14.
Bg5 h6 15. Bh4 Be7 16. c4 O-O 17. Rac1 Rfe8 18. d5 exd5 19. cxd5 Ne5 20. Qe3 Nxd5 21. Qe4 Nxd3 22. Qxd3 Nf4 23. Bg3 Nxd3 24. Bxc7 Nxc1 25. Rxc1 0-1

[Event "*** Titled Tuesday Blitz"]
[Site "Chess.com"]
[Date "2020.05.26"]
[Round "5"]
[White "Semetey"]
[Black "MathiasWomacka"]
[Result "1/2-1/2"]
[WhiteElo "2542"]
[BlackElo "2386"]
[TimeControl "180+1"]
[EndTime "10:55:18 PDT"]
[Termination "Game drawn by repetition"]

1. d4 Nf6 2. Bf4 c5 3. e3 e6 4. c3 d5 5. Nf3 Bd6 6. Bg3 O-O 7. Nbd2 Qc7 8. Bd3 Nbd7 9. Qe2 e5 10. dxe5 Nxe5 11. Nxe5 Bxe5 12. Nf3 Bxg3 13. hxg3 h6 14.
O-O Bg4 15. Qc2 Rfe8 16. c4 dxc4 17. Bxc4 Rad8 18. Rfd1 b6 19. a3 Rxd1+ 20. Rxd1 Rd8 21. Rxd8+ Qxd8 22. Ne5 Be6 23. Bxe6 fxe6 24. Qa4 Qc7 25. f4 Kf8 26. Qc4 Qd6 27. Qa4 Qc7 28. e4 Qd8 29. Qxa7 Qd1+ 30. Kh2 Qh5+ 31. Kg1 Qd1+ 32. Kh2 Qh5+ 33.
Kg1 Qd1+ 1/2-1/2

[Event "*** Titled Tuesday Blitz"]
[Site "Chess.com"]
[Date "2020.05.26"]
[Round "5"]
[White "OparinGrigoriy"]
[Black "SketchyMoves"]
[Result "1/2-1/2"]
[WhiteElo "2889"]
[BlackElo "2646"]
[TimeControl "180+1"]
[EndTime "10:55:19 PDT"]
[Termination "Game drawn by repetition"]

1. d4 e6 2. c4 Bb4+ 3. Nd2 Nf6 4. Nf3 O-O 5. g3 b6 6. Bg2 Bb7 7. O-O d5 8. b3 Bd6 9. Bb2 Nbd7 10. Rc1 c5 11. e3 Qe7 12. Qe2 Rac8 13. cxd5 exd5 14.
Rfd1 Rfe8 15. Nh4 Qe6 16. Qf3 Ne4 17. dxc5 Bxc5 18. Qf5 Nxf2 19. Qxe6 Rxe6 20. Kxf2 Bxe3+ 21. Kf3 d4+ 22. Ke2 Ba6+ 23. Rc4 Ne5 24. Bh3 Nxc4 25.
Nxc4 Rxc4 26. bxc4 Bxc4+ 27. Kf3 Bd5+ 28. Ke2 Bc4+ 29.
Kf3 Bd5+ 30. Ke2 Bc4+ 1/2-1/2

[Event "*** Titled Tuesday Blitz"]
[Site "Chess.com"]
[Date "2020.05.26"]
[Round "5"]
[White "Danfii"]
[Black "Saxar85"]
[Result "1-0"]
[WhiteElo "2431"]
[BlackElo "2711"]
[TimeControl "180+1"]
[EndTime "10:55:20 PDT"]
[Termination "Danfii won on time"]

1. e4 g6 2. d4 Bg7 3. Nc3 d6 4.
f4 Nc6 5. Nf3 Bg4 6. Be3 Bxf3 7.
gxf3 e6 8. h4 Nf6 9. Qd2 Ne7 10.
O-O-O Qd7 11. Ne2 O-O-O 12. Kb1 d5 13. Ng3 h5 14. Bh3 Kb8 15. f5 dxe4 16. fxe6 fxe6 17. fxe4 Qc6 18. Bg2 Ng4 19. e5 Qb6 20. Bg5 Bxe5 21.
Bxe7 Rxd4 22. Qc1 Bf4 23. Rxd4 Bxc1 24. Rb4 Qf2 25. Bxb7 a5 26. Rb5 Qxg3 27. Bc6+ Ka7 28. Bc5+ Ka6 29. a4 1-0

[Event "*** Titled Tuesday Blitz"]
[Site "Chess.com"]
[Date "2020.05.26"]
[Round "5"]
[White "PauloCesarCosta_sad"]
[Black "czasnaszachy"]
[Result "1-0"]
[WhiteElo "2193"]
[BlackElo "2346"]
[TimeControl "180+1"]
[EndTime "10:55:20 PDT"]
[Termination "PauloCesarCosta_sad won by resignation"]

1. Nf3 g6 2. d4 Bg7 3. c4 d6 4. Nc3 Nf6 5. g3 O-O 6. Bg2 Nbd7 7. O-O e5 8. e4 exd4 9. Nxd4 Re8 10. Re1 Nc5 11. Bg5 h6 12. Bf4 Kh7 13. b4 Ne6 14.
Nxe6 Bxe6 15. e5 Ng4 16. Bxb7 Nxe5 17. Bxa8 Qxa8 18. Bxe5 Bxe5 19. Nd5 Bxd5 20. Qxd5 Bxa1 21. Qxf7+ Bg7 22. Rxe8 Qxe8 23. Qxe8 1-0

[Event "*** Titled Tuesday Blitz"]
[Site "Chess.com"]
[Date "2020.05.26"]
[Round "5"]
[White "ElliPaehtz"]
[Black "K_A_S_T_O_R"]
[Result "0-1"]
[WhiteElo "2488"]
[BlackElo "2720"]
[TimeControl "180+1"]
[EndTime "10:55:21 PDT"]
[Termination "K_A_S_T_O_R won by resignation"]

1. d4 Nf6 2. Nf3 e6 3. Bf4 d5 4. e3 Bd6 5. Bg3 c5 6. Nbd2 Qc7 7. Bxd6 Qxd6 8. dxc5 Qxc5 9. c4 Nc6 10. Rc1 d4 11.
exd4 Nxd4 12. Nxd4 Qxd4 13. Rc3 O-O 14. Be2 e5 15.
O-O Bf5 16. Nf3 Qc5 17. Qa4 Rfd8 18. b4 Qc7 19. c5 e4 20. Nh4 Be6 21. g3 a6 22. Ng2 Rd4 23. Ne3 Rad8 24. Qa3 Rd2 25. Bc4 Qe5 26. Bxe6 Qxe6 27. Qb3 Rxa2 28. Qxe6 fxe6 29. Rb3 Rd3 30. Rbb1 Nd5 31. Nc4 Nc3 32. Ra1 Rd4 33. Nd6 Rxb4 34. Rxa2 Nxa2 35. Rc1 Nxc1 0-1

[Event "*** Titled Tuesday Blitz"]
[Site "Chess.com"]
[Date "2020.05.26"]
[Round "5"]
[White "wild_cat99"]
[Black "Djager97"]
[Result "1-0"]
[WhiteElo "2559"]
[BlackElo "2388"]
[TimeControl "180+1"]
[EndTime "10:55:21 PDT"]
[Termination "wild_cat99 won by resignation"]

1. Nf3 d5 2. e3 Nf6 3. c4 e6 4. b3 Be7 5. Bb2 b6 6. d4 Bb7 7. Bd3 O-O 8. O-O dxc4 9. bxc4 c5 10. Ne5 Nc6 11. f4 cxd4 12. Nxc6 Bxc6 13. exd4 Rc8 14.
Nd2 a6 15. Nf3 b5 16. c5 Qd5 17. Qe2 Rfd8 18. f5 Bxc5 19. fxe6 fxe6 20. dxc5 Qxd3 21. Qxe6+ Kh8 22. Ne5 Qe3+ 23. Kh1 Bxg2+ 24. Kxg2 Qe4+ 25. Kg1 Qe3+ 26. Kh1 Qe4+ 27. Rf3 1-0

[Event "*** Titled Tuesday Blitz"]
[Site "Chess.com"]
[Date "2020.05.26"]
[Round "5"]
[White "Quaternitychess"]
[Black "GHANDEEVAM2003"]
[Result "1-0"]
[WhiteElo "2812"]
[BlackElo "2924"]
[TimeControl "180+1"]
[EndTime "10:55:22 PDT"]
[Termination "Quaternitychess won by resignation"]

1. e4 c5 2. b3 Nf6 3. e5 Nd5 4. Bb2 g6 5. Qf3 Nc7 6. h4 Ne6 7. h5 Nc6 8. hxg6 fxg6 9. Bd3 Ncd4 10. Qg3 Nf5 11. Rxh7 Rxh7 12. Qxg6+ Rf7 13. Bxf5 Qb6 14. Ne2 Bg7 15. Na3 d5 16. exd6 Qxd6 17. Nc4 Qd5 18. Be4 Qg5 19. Bxg7 Qh4 20. g3 Qh2 21. O-O-O Nxg7 22.
Ne5 Qxf2 23. Nf4 Qd4 24. Qxf7+ Kd8 25. Qd5+ 1-0

[Event "*** Titled Tuesday Blitz"]
[Site "Chess.com"]
[Date "2020.05.26"]
[Round "5"]
[White "Nafania1"]
[Black "PavelShkapenko"]
[Result "1-0"]
[WhiteElo "2458"]
[BlackElo "2656"]
[TimeControl "180+1"]
[EndTime "10:55:23 PDT"]
[Termination "Nafania1 won by resignation"]

1. e4 c5 2. Nf3 e6 3. g3 b6 4. Bg2 Bb7 5. d4 Bxe4 6. Nc3 Bxf3 7. Qxf3 d5 8. Nxd5 exd5 9. Qxd5 Qxd5 10. Bxd5 cxd4 11.
Bxa8 Bb4+ 12. Bd2 Bxd2+ 13. Kxd2 Nf6 14. Rhe1+ Kd7 15. Bf3 Na6 16. Rad1 d3 17. Kc1 Nc5 18. b4 Ne6 19. Rxd3+ Ke7 20. Kb2 Rc8 21. Rc3 Rd8 22. Rc7+ Rd7 23. Rxd7+ Kxd7 24. c4 Kc7 25. Kc3 Ng5 26. Bg2 Kd6 27. f4 Ne6 28. Bf3 h6 29. a4 g5 30. f5 Nf8 31. Kd4 N8d7 32.
h3 h5 33. Rc1 g4 34. c5+ bxc5+ 35. bxc5+ Kc7 36. hxg4 hxg4 37. Bd5 Nh5 38. Rc3 f6 39.
Rb3 Ne5 40. Rb7+ Kc8 41. Rxa7 Nxg3 42. c6 Ne2+ 43. Ke3 Nc3 44. Be6+ Kb8 45. c7+ Kxa7 46.
c8=Q 1-0

[Event "*** Titled Tuesday Blitz"]
[Site "Chess.com"]
[Date "2020.05.26"]
[Round "5"]
[White "Jenia84"]
[Black "underdogchss"]
[Result "0-1"]
[WhiteElo "2204"]
[BlackElo "2401"]
[TimeControl "180+1"]
[EndTime "10:55:23 PDT"]
[Termination "underdogchss won by resignation"]

1. e4 c5 2. Nf3 d6 3. d4 cxd4 4. Nxd4 Nf6 5. Nc3 a6 6. Be2 e5 7. Nb3 Be7 8. Be3 Be6 9. Bf3 Nbd7 10. Qd2 Nb6 11. Bxb6 Qxb6 12. Nd5 Nxd5 13. exd5 Bd7 14.
c4 a5 15. O-O O-O 16. Qe3 Qxe3 17. fxe3 f5 18. Nd2 e4 19. Be2 Bf6 20. Rab1 a4 21.
Rfc1 b6 22. Kf2 Be5 23. g3 g5 24. Rc2 f4 25. gxf4 gxf4 26. Nf1 fxe3+ 27. Kxe3 Bf4+ 28. Kd4 Be5+ 29. Ke3 Rae8 30. Ng3 Bf4+ 31. Kd4 e3 32. Rf1 Be5+ 33. Kd3 Bxg3 34. hxg3 Rxf1 35. Bxf1 Bf5+ 0-1

[Event "*** Titled Tuesday Blitz"]
[Site "Chess.com"]
[Date "2020.05.26"]
[Round "5"]
[White "robertofabregas"]
[Black "GMaka"]
[Result "0-1"]
[WhiteElo "2114"]
[BlackElo "2388"]
[TimeControl "180+1"]
[EndTime "10:55:27 PDT"]
[Termination "GMaka won by resignation"]

1. c4 e5 2. Nc3 Bb4 3. Qb3 Bxc3 4. Qxc3 Nc6 5. g3 d6 6. Bg2 Nge7 7. Nf3 a5 8. d3 f6 9. O-O Bg4 10. e3 Qd7 11. d4 h5 12. b3 h4 13. Bb2 Bh3 14. dxe5 Nxe5 15. Nxe5 fxe5 16. f3 hxg3 17. hxg3 Bxg2 18. Kxg2 Qh3+ 19. Kf2 Qh2+ 20. Ke1 Qxg3+ 21. Ke2 Rh2+ 22. Kd3 Qg6+ 23. e4 Nc6 24. Qe1 Nb4+ 25. Ke3 Qh6+ 26. f4 Nc2+ 0-1

[Event "*** Titled Tuesday Blitz"]
[Site "Chess.com"]
[Date "2020.05.26"]
[Round "5"]
[White "StephenDedalus83"]
[Black "narutosmith"]
[Result "1-0"]
[WhiteElo "2742"]
[BlackElo "2270"]
[TimeControl "180+1"]
[EndTime "10:55:27 PDT"]
[Termination "StephenDedalus83 won on time"]

1. e4 c5 2. Nf3 e6 3. d4 cxd4 4.
Nxd4 Nc6 5. Nc3 Qc7 6. g3 a6 7.
Bg2 Nf6 8. O-O h5 9. h3 Bc5 10. Nb3 Ba7 11. Bf4 Ne5 12. Qe2 d6 13. Rad1 Nfd7 14. Nd4 h4 15. g4 Nc4 16. Bc1 O-O 17.
Kh1 b5 18. Nf3 Bb7 19. Nxh4 Rac8 20. f4 g5 21. fxg5 Nde5 22. Nb1 Na5 23. c3 Nac6 24.
Rf6 Ne7 25. Rdf1 N7g6 26. Nxg6 Nxg6 27. Nd2 Bb8 28. Nf3 d5 29. exd5 Bxd5 30. Qf2 Kg7 31. Be3 Rh8 32. Kg1 e5 33. Nd2 Bxg2 34. Rxf7+ Kg8 35. Rxc7 Rxc7 36. Qxg2 1-0

[Event "*** Titled Tuesday Blitz"]
[Site "Chess.com"]
[Date "2020.05.26"]
[Round "5"]
[White "emperor87"]
[Black "maciek_92"]
[Result "0-1"]
[WhiteElo "2612"]
[BlackElo "2812"]
[TimeControl "180+1"]
[EndTime "10:55:28 PDT"]
[Termination "maciek_92 won by resignation"]

1. e4 c5 2. Nf3 e6 3. c4 Nc6 4.
Nc3 Nf6 5. Bd3 d6 6. O-O g6 7. Bc2 e5 8. a3 Bg7 9. Rb1 O-O 10. h3 Nh5 11. b4 Nf4 12. d3 h6 13. Nd5 g5 14.
bxc5 dxc5 15. Kh2 g4 16. Ng1 Nxd5 17. cxd5 Nd4 18. Be3 gxh3 19. g3 f5 20. Bxd4 cxd4 21.
Qh5 b6 22. Bb3 Qd6 23. Bc4 fxe4 24. dxe4 Bd7 25. Ba6 Qxa3 26. Qe2 Rf6 27. Rbc1 Raf8 28. Nxh3 Rf3 29. Ng1 Bg4 30. Nxf3 Bxf3 31. Qd3 Qe7 32. Rh1 Qg5 33. Kg1 Qxc1+ 34. Qf1 Qxf1+ 35. Bxf1 Bxh1 0-1

[Event "*** Titled Tuesday Blitz"]
[Site "Chess.com"]
[Date "2020.05.26"]
[Round "5"]
[White "Baby_Shak"]
[Black "Jospem"]
[Result "1-0"]
[WhiteElo "2642"]
[BlackElo "2851"]
[TimeControl "180+1"]
[EndTime "10:55:29 PDT"]
[Termination "Baby_Shak won by resignation"]

1. d4 Nf6 2. Bf4 e6 3. e3 b6 4. Nd2 Bb7 5. Ngf3 c5 6. Nc4 d5 7. Nce5 a6 8. Ng5 Qe7 9. Nexf7 cxd4 10. Qxd4 Nc6 11. Qxb6 Qd7 12. Nxh8 Bb4+ 13. c3 Ba5 14. Qb3 e5 15. Nhf7 exf4 16. Qxb7 Qxb7 17. Nd6+ Kd7 18. Nxb7 Bb6 19. b4 fxe3 20. Nc5+ Bxc5 21. bxc5 d4 22.
O-O-O Ng4 23. Nh3 exf2 24. Be2 Ne3 25. Nxf2 Rf8 26. Bf3 Nxd1 27. Rxd1 Ne5 28. Rxd4+ Kc7 29. h4 Nxf3 30. gxf3 Rxf3 31. Nd3 Rf5 32. Kd2 g5 33. hxg5 Rxg5 34. Nf4 Kc6 35. Rd6+ Kb5 36. Rb6+ Ka5 37. Ne6 Rg2+ 38. Kd3 Rg3+ 39. Kc4 Rg4+ 40. Nd4 h5 41.
Kb3 1-0

[Event "*** Titled Tuesday Blitz"]
[Site "Chess.com"]
[Date "2020.05.26"]
[Round "5"]
[White "Arjun2002"]
[Black "Majesth"]
[Result "1-0"]
[WhiteElo "2663"]
[BlackElo "2443"]
[TimeControl "180+1"]
[EndTime "10:55:29 PDT"]
[Termination "Arjun2002 won on time"]

1. e4 e6 2. d4 d5 3. Nc3 dxe4 4. Nxe4 Nd7 5. Nf3 Ngf6 6. Bg5 Be7 7. Bxf6 Bxf6 8.
Bd3 O-O 9. Qe2 c5 10. O-O-O cxd4 11. h4 b6 12. Nfg5 h6 13. Nh7 Re8 14. g4 Be5 15. g5 Kxh7 16. Nf6+ Kh8 17. Nxe8 Qxe8 18. Qe4 g6 19. Qxa8 Nc5 20. Kb1 h5 21. Rhe1 Bg7 22. Bb5 Qd8 23. b4 a6 24. bxc5 axb5 25. cxb6 1-0

[Event "*** Titled Tuesday Blitz"]
[Site "Chess.com"]
[Date "2020.05.26"]
[Round "5"]
[White "bmt011"]
[Black "CzechmVIII"]
[Result "0-1"]
[WhiteElo "2059"]
[BlackElo "2175"]
[TimeControl "180+1"]
[EndTime "10:55:30 PDT"]
[Termination "CzechmVIII won on time"]

1. d4 Nf6 2. Bf4 c5 3. e3 Nd5 4.
Bg3 Qb6 5. Nc3 Nxc3 6. bxc3 e6 7. e4 Qb2 8. Ne2 cxd4 9. Rb1 Qxa2 10. cxd4 Nc6 11.
c3 d5 12. exd5 Qxd5 13. Qd3 Be7 14. Nf4 Qa5 15. Rb5 Qa1+ 16. Rb1 Qa3 17. Be2 O-O 18. O-O e5 19. Nd5 exd4 20. Nxe7+ Qxe7 21. cxd4 Qf6 22. Bf3 Bf5 23. Qb5 Nxd4 24. Qxb7 Nxf3+ 25. Qxf3 Bxb1 26. Rxb1 Qxf3 27. gxf3 a5 0-1

[Event "*** Titled Tuesday Blitz"]
[Site "Chess.com"]
[Date "2020.05.26"]
[Round "5"]
[White "Fortitudine"]
[Black "elamier"]
[Result "1-0"]
[WhiteElo "2307"]
[BlackElo "2098"]
[TimeControl "180+1"]
[EndTime "10:55:32 PDT"]
[Termination "Fortitudine won on time"]

1. d4 d5 2. Nc3 Nf6 3. Bg5 Ne4 4. Nxe4 dxe4 5. Qd2 Bf5 6. e3 c6 7. Ne2 Nd7 8. Ng3 Bg6 9. h4 f6 10. Bf4 f5 11. h5 Bf7 12. Nxf5 Qb6 13. c3 c5 14. h6 g6 15. Ng7+ Kd8 16. dxc5 Qxc5 17. Rd1 Qc6 18. Be2 e6 19. Bc4 Be7 20. Bb3 Kc8 21. Bd6 1-0